[ AOE2 MATCH · #471968602 ]
UnrankedFranks vs Byzantines
[ REPLAY ANALYSIS · EXTRACTED FROM THE RECORDED GAME ]
Feudal
13:13
Castle
24:36
Imperial
36:19
| APM avg | 48.5 |
| APM peak | 82 |
| eAPM avg | 28.4 |
| Villagers / military | 196 / 148 |
Focus
⚔️ 30.6% · 🌾 69.4%
Knight ×132 · Scout Cavalry ×16
Feudal
11:12
Castle
24:38
Imperial
39:00
| APM avg | 60.7 |
| APM peak | 96 |
| eAPM avg | 25.8 |
| Villagers / military | 195 / 111 |
Focus
⚔️ 33.8% · 🌾 66.2%
Cavalry Archer ×88 · Scout Cavalry ×20 · Trebuchet (Packed) ×2 · Monk ×1
Feudal
13:10
Castle
35:01
Imperial
—
| APM avg | 24.0 |
| APM peak | 50 |
| eAPM avg | 10.9 |
| Villagers / military | 90 / 56 |
Focus
⚔️ 19.4% · 🌾 80.6%
Scout Cavalry ×27 · Camel Scout ×25 · Spearman ×4
Feudal
13:22
Castle
17:27
Imperial
—
| APM avg | 26.7 |
| APM peak | 69 |
| eAPM avg | 13.8 |
| Villagers / military | 106 / 16 |
Focus
⚔️ 29.5% · 🌾 70.5%
Spearman ×13 · Mangonel ×3 · Unknown (2550) ×2
Feudal
13:22
Castle
25:27
Imperial
40:10
| APM avg | 34.5 |
| APM peak | 71 |
| eAPM avg | 18.5 |
| Villagers / military | 150 / 89 |
Focus
⚔️ 34.9% · 🌾 65.1%
Knight ×78 · Spearman ×11
Feudal
15:36
Castle
27:38
Imperial
—
| APM avg | 17.5 |
| APM peak | 38 |
| eAPM avg | 14.0 |
| Villagers / military | 90 / 2 |
Focus
⚔️ 14.7% · 🌾 85.3%
Mangonel ×2
Feudal
13:56
Castle
17:48
Imperial
34:54
| APM avg | 45.2 |
| APM peak | 97 |
| eAPM avg | 28.7 |
| Villagers / military | 244 / 121 |
Focus
⚔️ 27.2% · 🌾 72.8%
Eagle Scout ×99 · Spearman ×12 · Trebuchet (Packed) ×6 · Jaguar Warrior ×2 · Monk ×1 · Battering Ram ×1
Feudal
12:39
Castle
16:21
Imperial
43:12
| APM avg | 47.5 |
| APM peak | 84 |
| eAPM avg | 21.7 |
| Villagers / military | 168 / 61 |
Focus
⚔️ 26.3% · 🌾 73.7%
Woad Raider ×25 · Spearman ×16 · Scorpion ×10 · Mangonel ×7 · Monk ×3
Match map
Initial resources + every placement click. Lines = walls · curves = elevation contours. ◆ gold · ⬟ stone · ● berries · ✦ relic · ◌ wall gap
Your base· Open — 7t gap
MoJRiM's base· Open — unwalled flank
Origines's base· Open — 15t gap
AOKI_Shogi's base· Open — 11t gap
Msp's base· Open — 11t gap
Yarcla's base· Open — 14t gap
BehCoY's base· Open — unwalled flank
nono12's base· Open — unwalled flank
Smoothed initial terrain · ◌ = detected wall gap · hover for details
Inputs per minute
— [Stomp] Snakad - - MoJRiM
Build order — [Stomp] Snakad
First 150 of 490 actions detected
| 0:08 | Build | Town Center |
| 1:02 | Build | House |
| 2:38 | Create | Villager (Male) |
| 2:38 | Create | Villager (Male) |
| 2:38 | Create | Villager (Male) |
| 3:00 | Create | Villager (Male) |
| 3:30 | Create | Villager (Male) |
| 3:30 | Create | Villager (Male) |
| 3:53 | Create | Villager (Male) |
| 3:54 | Create | Villager (Male) |
| 4:27 | Create | Villager (Male) |
| 4:27 | Create | Villager (Male) |
| 4:39 | Create | Villager (Male) |
| 4:45 | Build | Lumber Camp |
| 4:57 | Create | Villager (Male) |
| 4:57 | Create | Villager (Male) |
| 5:26 | Create | Villager (Male) |
| 5:26 | Create | Villager (Male) |
| 5:36 | Build | House |
| 5:38 | Research | Loom |
| 5:52 | Create | Villager (Male) |
| 6:02 | Create | Villager (Male) |
| 6:02 | Create | Villager (Male) |
| 6:03 | Create | Villager (Male) |
| 6:03 | Create | Villager (Male) |
| 6:32 | Create | Villager (Male) |
| 6:32 | Create | Villager (Male) |
| 7:10 | Build | Mill |
| 7:38 | Create | Villager (Male) |
| 7:46 | Build | Mill |
| 7:54 | Create | Villager (Male) |
| 7:54 | Create | Villager (Male) |
| 7:54 | Create | Villager (Male) |
| 7:55 | Create | Villager (Male) |
| 8:13 | Build | House |
| 8:31 | Create | Villager (Male) |
| 8:50 | Create | Villager (Male) |
| 8:58 | Create | Villager (Male) |
| 9:24 | Create | Villager (Male) |
| 9:34 | Build | House |
| 9:38 | Create | Villager (Male) |
| 10:06 | Create | Villager (Male) |
| 10:15 | Create | Villager (Male) |
| 10:57 | Research | Feudal Age |
| 11:44 | Build | Lumber Camp |
| 11:46 | Create | Villager (Male) |
| 12:01 | Create | Villager (Male) |
| 12:19 | Build | Barracks |
| 12:21 | Create | Villager (Male) |
| 12:44 | Create | Villager (Male) |
| 12:48 | Create | Villager (Male) |
| 13:12 | Create | Villager (Male) |
| 13:13 | Age | Feudal Age |
| 13:16 | Build | Stable |
| 13:24 | Research | Double-Bit Axe |
| 13:28 | Create | Villager (Male) |
| 13:38 | Create | Villager (Male) |
| 13:42 | Create | Villager (Male) |
| 13:53 | Create | Villager (Male) |
| 13:56 | Create | Villager (Male) |
| 14:06 | Create | Villager (Male) |
| 14:14 | Create | Villager (Male) |
| 14:16 | Create | Villager (Male) |
| 14:17 | Create | Scout Cavalry |
| 14:18 | Create | Scout Cavalry |
| 14:18 | Create | Scout Cavalry |
| 14:24 | Build | Blacksmith |
| 14:32 | Build | House |
| 14:39 | Research | Wheelbarrow |
| 14:41 | Build | House |
| 14:43 | Create | Villager (Male) |
| 14:46 | Create | Scout Cavalry |
| 14:53 | Build | House |
| 14:55 | Create | Villager (Male) |
| 15:06 | Build | Palisade Gate |
| 15:09 | Build | House |
| 15:19 | Create | Villager (Male) |
| 15:20 | Create | Scout Cavalry |
| 15:27 | Research | Scale Barding Armor |
| 15:30 | Research | Forging |
| 15:31 | Create | Scout Cavalry |
| 15:47 | Create | Scout Cavalry |
| 15:48 | Create | Villager (Male) |
| 15:59 | Build | House |
| 16:12 | Create | Villager (Male) |
| 16:17 | Create | Scout Cavalry |
| 16:27 | Build | Stable |
| 16:41 | Build | Farm |
| 16:46 | Create | Villager (Male) |
| 16:47 | Create | Scout Cavalry |
| 16:58 | Build | Mining Camp |
| 17:19 | Create | Scout Cavalry |
| 17:19 | Create | Scout Cavalry |
| 17:20 | Create | Villager (Male) |
| 17:23 | Build | Farm |
| 17:25 | Create | Scout Cavalry |
| 17:33 | Build | Farm |
| 17:44 | Create | Villager (Male) |
| 18:03 | Create | Villager (Male) |
| 18:06 | Build | Farm |
| 18:10 | Build | Farm |
| 18:11 | Build | Farm |
| 18:13 | Build | Farm |
| 18:15 | Create | Scout Cavalry |
| 18:44 | Create | Villager (Male) |
| 18:45 | Create | Scout Cavalry |
| 18:50 | Build | Farm |
| 18:53 | Build | Farm |
| 18:56 | Build | Farm |
| 19:21 | Research | Scale Barding Armor |
| 19:21 | Create | Villager (Male) |
| 19:25 | Build | Farm |
| 19:35 | Build | House |
| 19:50 | Build | House |
| 19:59 | Build | Mill |
| 20:04 | Build | Mill |
| 20:13 | Build | Mill |
| 20:16 | Create | Villager (Male) |
| 20:18 | Create | Villager (Male) |
| 20:21 | Build | Market |
| 20:33 | Create | Villager (Male) |
| 20:40 | Create | Villager (Male) |
| 21:23 | Create | Villager (Male) |
| 21:45 | Research | Castle Age |
| 21:45 | Research | Castle Age |
| 21:52 | Build | House |
| 22:36 | Create | Villager (Male) |
| 22:40 | Build | House |
| 22:40 | Build | House |
| 23:01 | Research | Gold Mining |
| 23:01 | Research | Gold Mining |
| 23:23 | Create | Scout Cavalry |
| 23:23 | Create | Scout Cavalry |
| 24:09 | Build | House |
| 24:36 | Age | Castle Age |
| 24:41 | Build | Town Center |
| 24:46 | Build | Town Center |
| 24:49 | Build | Town Center |
| 24:53 | Create | Villager (Male) |
| 25:02 | Build | Town Center |
| 25:04 | Create | Villager (Male) |
| 25:05 | Create | Villager (Male) |
| 25:06 | Research | Bow Saw |
| 25:13 | Build | House |
| 25:39 | Create | Villager (Male) |
| 25:39 | Create | Villager (Male) |
| 25:40 | Create | Villager (Male) |
| 25:50 | Build | Town Center |
| 26:03 | Create | Villager (Male) |
| 26:04 | Create | Villager (Male) |
Build order — MoJRiM
First 150 of 460 actions detected
| 0:46 | Build | Town Center |
| 2:34 | Create | Villager (Male) |
| 2:34 | Create | Villager (Male) |
| 2:34 | Create | Villager (Male) |
| 2:34 | Create | Villager (Male) |
| 3:11 | Build | Palisade Wall |
| 3:41 | Create | Villager (Male) |
| 4:03 | Build | Lumber Camp |
| 4:34 | Create | Villager (Male) |
| 4:34 | Create | Villager (Male) |
| 5:03 | Create | Villager (Male) |
| 5:46 | Create | Villager (Male) |
| 5:49 | Build | Palisade Wall |
| 6:06 | Create | Villager (Male) |
| 6:06 | Create | Villager (Male) |
| 7:05 | Create | Villager (Male) |
| 7:21 | Create | Villager (Male) |
| 7:22 | Build | Palisade Wall |
| 7:40 | Create | Villager (Male) |
| 8:06 | Build | Mill |
| 8:24 | Create | Villager (Male) |
| 9:02 | Research | Feudal Age |
| 9:46 | Build | Barracks |
| 10:33 | Create | Villager (Male) |
| 10:33 | Create | Villager (Male) |
| 11:12 | Age | Feudal Age |
| 11:13 | Build | Stable |
| 11:15 | Research | Double-Bit Axe |
| 11:42 | Create | Scout Cavalry |
| 11:49 | Create | Villager (Male) |
| 11:56 | Build | Mill |
| 12:08 | Create | Scout Cavalry |
| 12:24 | Create | Villager (Male) |
| 12:24 | Create | Villager (Male) |
| 12:24 | Create | Scout Cavalry |
| 12:50 | Create | Villager (Male) |
| 13:02 | Create | Scout Cavalry |
| 13:05 | Research | Horse Collar |
| 13:08 | Build | Farm |
| 13:08 | Build | Farm |
| 13:20 | Create | Scout Cavalry |
| 13:27 | Create | Villager (Male) |
| 13:43 | Build | Blacksmith |
| 13:50 | Create | Scout Cavalry |
| 13:55 | Build | Farm |
| 14:07 | Create | Villager (Male) |
| 14:12 | Create | Scout Cavalry |
| 14:31 | Research | Forging |
| 14:31 | Research | Forging |
| 14:34 | Create | Villager (Male) |
| 14:53 | Create | Villager (Male) |
| 15:14 | Create | Scout Cavalry |
| 15:16 | Create | Villager (Male) |
| 15:17 | Build | Farm |
| 15:18 | Build | Farm |
| 15:20 | Build | Stable |
| 15:35 | Create | Villager (Male) |
| 15:45 | Research | Bloodlines |
| 15:45 | Research | Bloodlines |
| 15:51 | Build | Mining Camp |
| 15:56 | Create | Scout Cavalry |
| 16:13 | Create | Villager (Male) |
| 16:14 | Build | Farm |
| 16:35 | Create | Villager (Male) |
| 16:35 | Create | Scout Cavalry |
| 16:37 | Build | Farm |
| 16:49 | Create | Scout Cavalry |
| 17:09 | Create | Scout Cavalry |
| 17:21 | Create | Scout Cavalry |
| 17:23 | Create | Villager (Male) |
| 17:23 | Create | Villager (Male) |
| 17:24 | Create | Villager (Male) |
| 17:27 | Build | Farm |
| 17:29 | Build | Farm |
| 17:49 | Create | Scout Cavalry |
| 17:49 | Create | Scout Cavalry |
| 18:16 | Research | Scale Barding Armor |
| 18:16 | Research | Scale Barding Armor |
| 18:26 | Create | Scout Cavalry |
| 18:27 | Create | Villager (Male) |
| 18:42 | Create | Scout Cavalry |
| 18:44 | Build | Farm |
| 18:46 | Research | Loom |
| 18:59 | Create | Scout Cavalry |
| 18:59 | Create | Villager (Male) |
| 19:02 | Build | Farm |
| 19:15 | Create | Scout Cavalry |
| 19:24 | Build | Market |
| 19:43 | Research | Wheelbarrow |
| 19:43 | Research | Wheelbarrow |
| 19:47 | Create | Scout Cavalry |
| 19:49 | Create | Villager (Male) |
| 19:56 | Build | Farm |
| 20:19 | Build | Palisade Gate |
| 21:07 | Create | Villager (Male) |
| 21:44 | Research | Castle Age |
| 24:21 | Create | Villager (Male) |
| 24:38 | Age | Castle Age |
| 24:41 | Build | Town Center |
| 24:43 | Build | Town Center |
| 24:48 | Build | Town Center |
| 24:54 | Build | Town Center |
| 25:03 | Research | Bow Saw |
| 25:03 | Research | Bow Saw |
| 25:05 | Create | Villager (Male) |
| 25:06 | Create | Villager (Male) |
| 25:35 | Create | Villager (Male) |
| 25:42 | Build | Farm |
| 25:47 | Create | Villager (Male) |
| 25:55 | Create | Villager (Male) |
| 25:58 | Create | Villager (Male) |
| 25:59 | Create | Villager (Male) |
| 25:59 | Create | Villager (Male) |
| 26:02 | Create | Villager (Male) |
| 26:06 | Create | Villager (Male) |
| 26:09 | Build | Farm |
| 26:11 | Build | Farm |
| 26:12 | Create | Villager (Male) |
| 26:18 | Build | Farm |
| 26:18 | Create | Villager (Male) |
| 26:21 | Create | Villager (Male) |
| 26:23 | Build | Farm |
| 26:40 | Research | Light Cavalry (upgrade) |
| 26:42 | Research | Chain Barding Armor |
| 26:45 | Create | Villager (Male) |
| 26:45 | Create | Villager (Male) |
| 26:55 | Create | Villager (Male) |
| 26:58 | Create | Villager (Male) |
| 27:00 | Build | Farm |
| 27:06 | Create | Villager (Male) |
| 27:06 | Create | Villager (Male) |
| 27:07 | Create | Villager (Male) |
| 27:07 | Create | Villager (Male) |
| 27:08 | Create | Villager (Male) |
| 27:08 | Create | Villager (Male) |
| 27:10 | Build | Farm |
| 27:10 | Build | Farm |
| 27:13 | Build | Farm |
| 27:15 | Build | Farm |
| 27:24 | Create | Villager (Male) |
| 27:24 | Create | Villager (Male) |
| 27:26 | Build | Farm |
| 27:35 | Create | Villager (Male) |
| 27:41 | Research | Heavy Plow |
| 27:56 | Create | Villager (Male) |
| 27:58 | Create | Villager (Male) |
| 28:00 | Build | Farm |
| 28:01 | Build | Farm |
| 28:04 | Build | Farm |
| 28:13 | Create | Villager (Male) |
Build order — Origines
First 150 of 228 actions detected
| 0:55 | Build | Town Center |
| 1:05 | Build | Mill |
| 1:34 | Build | House |
| 1:35 | Build | House |
| 3:13 | Create | Villager (Male) |
| 3:13 | Create | Villager (Male) |
| 3:14 | Create | Villager (Male) |
| 3:14 | Create | Villager (Male) |
| 4:19 | Create | Villager (Male) |
| 4:40 | Create | Villager (Male) |
| 5:36 | Create | Villager (Male) |
| 5:36 | Create | Villager (Male) |
| 6:02 | Create | Villager (Male) |
| 6:29 | Create | Villager (Male) |
| 6:53 | Research | Loom |
| 7:19 | Build | Lumber Camp |
| 7:34 | Create | Villager (Male) |
| 7:37 | Create | Villager (Male) |
| 7:54 | Create | Villager (Male) |
| 8:34 | Build | House |
| 8:40 | Create | Villager (Male) |
| 8:41 | Create | Villager (Male) |
| 9:27 | Create | Villager (Male) |
| 9:50 | Build | House |
| 9:52 | Build | House |
| 10:04 | Create | Villager (Male) |
| 10:34 | Create | Villager (Male) |
| 10:50 | Research | Feudal Age |
| 11:09 | Build | Barracks |
| 11:19 | Create | Villager (Male) |
| 12:47 | Create | Villager (Male) |
| 13:10 | Age | Feudal Age |
| 13:19 | Build | Stable |
| 13:26 | Create | Villager (Male) |
| 13:32 | Create | Spearman |
| 13:34 | Create | Spearman |
| 13:48 | Research | Wheelbarrow |
| 13:50 | Create | Scout Cavalry |
| 13:50 | Create | Scout Cavalry |
| 13:50 | Create | Scout Cavalry |
| 14:21 | Create | Villager (Male) |
| 14:24 | Research | Double-Bit Axe |
| 14:59 | Build | Lumber Camp |
| 15:03 | Build | House |
| 15:04 | Build | House |
| 15:05 | Build | House |
| 15:34 | Create | Villager (Male) |
| 15:35 | Create | Villager (Male) |
| 15:35 | Create | Villager (Male) |
| 16:07 | Build | House |
| 16:11 | Build | House |
| 16:13 | Build | House |
| 16:14 | Build | House |
| 16:15 | Build | House |
| 16:30 | Create | Scout Cavalry |
| 16:31 | Create | Scout Cavalry |
| 16:40 | Build | Palisade Wall |
| 16:46 | Create | Villager (Male) |
| 16:46 | Create | Villager (Male) |
| 16:46 | Create | Villager (Male) |
| 17:00 | Create | Spearman |
| 17:01 | Create | Spearman |
| 17:46 | Create | Villager (Male) |
| 18:45 | Build | Farm |
| 18:47 | Create | Villager (Male) |
| 18:47 | Create | Villager (Male) |
| 19:29 | Build | Palisade Wall |
| 20:07 | Create | Scout Cavalry |
| 20:07 | Create | Scout Cavalry |
| 20:09 | Create | Villager (Male) |
| 20:41 | Create | Scout Cavalry |
| 20:50 | Build | Farm |
| 20:51 | Build | Farm |
| 20:52 | Build | Farm |
| 20:56 | Build | Farm |
| 20:57 | Build | Farm |
| 21:18 | Build | Farm |
| 21:19 | Build | Farm |
| 21:47 | Build | Blacksmith |
| 22:21 | Create | Villager (Male) |
| 22:21 | Create | Villager (Male) |
| 22:22 | Create | Villager (Male) |
| 22:30 | Build | Mill |
| 22:32 | Build | Farm |
| 22:33 | Build | Farm |
| 22:34 | Build | Farm |
| 22:49 | Build | Farm |
| 23:04 | Build | Farm |
| 23:28 | Build | Farm |
| 23:31 | Create | Villager (Male) |
| 23:34 | Create | Scout Cavalry |
| 24:03 | Create | Villager (Male) |
| 24:03 | Create | Villager (Male) |
| 24:17 | Build | Mining Camp |
| 24:31 | Create | Scout Cavalry |
| 24:31 | Create | Scout Cavalry |
| 24:56 | Create | Villager (Male) |
| 24:57 | Create | Villager (Male) |
| 25:07 | Build | Mill |
| 25:08 | Build | Farm |
| 25:11 | Build | Farm |
| 25:20 | Create | Scout Cavalry |
| 25:34 | Build | Watch Tower |
| 25:47 | Build | Mining Camp |
| 26:13 | Build | Watch Tower |
| 26:31 | Create | Villager (Male) |
| 26:32 | Create | Villager (Male) |
| 26:32 | Create | Villager (Male) |
| 27:14 | Research | Forging |
| 27:14 | Research | Scale Barding Armor |
| 27:16 | Create | Villager (Male) |
| 27:16 | Create | Villager (Male) |
| 27:42 | Create | Villager (Male) |
| 27:57 | Build | Farm |
| 27:58 | Build | Farm |
| 28:36 | Create | Scout Cavalry |
| 28:36 | Create | Scout Cavalry |
| 29:06 | Create | Villager (Male) |
| 29:06 | Create | Villager (Male) |
| 29:11 | Build | Farm |
| 29:12 | Build | Farm |
| 29:13 | Build | Farm |
| 29:24 | Build | Stable |
| 29:28 | Build | Stable |
| 29:34 | Build | Farm |
| 30:01 | Create | Villager (Male) |
| 30:01 | Create | Villager (Male) |
| 30:01 | Create | Villager (Male) |
| 30:07 | Build | Farm |
| 30:31 | Research | Horse Collar |
| 31:31 | Create | Villager (Male) |
| 31:32 | Create | Villager (Male) |
| 31:51 | Build | Farm |
| 32:06 | Research | Castle Age |
| 32:33 | Create | Scout Cavalry |
| 32:33 | Create | Scout Cavalry |
| 32:59 | Build | Mill |
| 33:00 | Build | Farm |
| 33:02 | Build | Farm |
| 33:03 | Build | Farm |
| 33:04 | Build | Farm |
| 33:05 | Build | Farm |
| 33:06 | Build | Farm |
| 33:10 | Research | Gold Mining |
| 33:37 | Create | Villager (Male) |
| 33:37 | Create | Villager (Male) |
| 33:56 | Create | Scout Cavalry |
| 33:56 | Create | Scout Cavalry |
| 33:56 | Create | Scout Cavalry |
| 33:56 | Create | Scout Cavalry |
Build order — AOKI_Shogi
First 150 of 191 actions detected
| 0:28 | Build | Town Center |
| 0:46 | Build | House |
| 2:25 | Create | Villager (Male) ×4 |
| 3:26 | Create | Villager (Male) |
| 4:11 | Create | Villager (Male) |
| 4:40 | Build | Settlement |
| 4:42 | Create | Villager (Male) |
| 4:42 | Create | Villager (Male) |
| 5:16 | Create | Villager (Male) |
| 5:28 | Create | Villager (Male) |
| 5:29 | Create | Villager (Male) |
| 5:38 | Create | Villager (Male) |
| 6:20 | Build | House |
| 7:01 | Create | Villager (Male) |
| 7:02 | Create | Villager (Male) |
| 7:34 | Create | Villager (Male) |
| 7:48 | Build | Outpost |
| 8:04 | Create | Villager (Male) |
| 8:17 | Build | House |
| 8:22 | Build | House |
| 8:23 | Create | Villager (Male) |
| 8:30 | Build | House |
| 8:43 | Create | Villager (Male) |
| 9:11 | Create | Villager (Male) |
| 9:38 | Create | Villager (Male) |
| 10:07 | Build | Settlement |
| 10:21 | Create | Villager (Male) |
| 10:24 | Research | Loom |
| 10:44 | Research | Feudal Age |
| 12:28 | Create | Villager (Male) |
| 13:22 | Age | Feudal Age |
| 13:26 | Research | Town Watch |
| 13:33 | Build | Market |
| 13:35 | Build | Palisade Wall |
| 14:06 | Build | Blacksmith |
| 14:07 | Create | Villager (Male) |
| 14:22 | Create | Villager (Male) |
| 14:47 | Research | Castle Age |
| 15:08 | Build | Palisade Wall |
| 15:10 | Build | Palisade Wall |
| 15:18 | Build | Palisade Wall |
| 15:19 | Build | Palisade Wall |
| 15:23 | Build | Palisade Wall |
| 15:26 | Build | Palisade Wall |
| 16:00 | Build | Palisade Wall |
| 16:11 | Build | Palisade Wall |
| 16:12 | Build | Palisade Wall |
| 16:21 | Create | Villager (Male) |
| 16:45 | Build | Barracks |
| 16:58 | Research | Double-Bit Axe |
| 17:18 | Research | Forging |
| 17:19 | Research | Scale Mail Armor |
| 17:27 | Age | Castle Age |
| 17:56 | Create | Villager (Male) |
| 17:56 | Create | Villager (Male) |
| 17:59 | Research | Bow Saw |
| 18:14 | Create | Unit 2550 |
| 18:21 | Create | Villager (Male) |
| 18:28 | Build | House |
| 18:36 | Create | Villager (Male) |
| 18:56 | Create | Unit 2550 |
| 19:14 | Build | Siege Workshop |
| 19:27 | Create | Villager (Male) |
| 19:38 | Create | Villager (Male) |
| 19:57 | Create | Spearman |
| 19:59 | Create | Villager (Male) |
| 20:00 | Create | Mangonel |
| 20:29 | Create | Villager (Male) |
| 21:26 | Build | Town Center |
| 21:29 | Create | Villager (Male) |
| 21:35 | Build | House |
| 21:38 | Create | Villager (Male) |
| 21:55 | Create | Spearman |
| 22:06 | Create | Spearman |
| 22:22 | Build | House |
| 22:26 | Build | Farm |
| 22:27 | Build | Farm |
| 22:31 | Create | Villager (Male) |
| 22:50 | Build | Farm |
| 22:55 | Build | Farm |
| 22:58 | Create | Villager (Male) |
| 22:58 | Create | Villager (Male) |
| 23:07 | Build | Farm |
| 23:09 | Create | Villager (Male) |
| 23:19 | Build | Farm |
| 23:20 | Build | Farm |
| 23:23 | Build | Farm |
| 23:26 | Build | Farm |
| 23:29 | Build | Farm |
| 23:52 | Build | Farm |
| 23:53 | Create | Villager (Male) |
| 23:58 | Create | Mangonel |
| 24:03 | Build | Farm |
| 24:09 | Build | Farm |
| 24:12 | Build | Farm |
| 24:13 | Create | Villager (Male) |
| 24:28 | Create | Spearman |
| 24:31 | Build | Farm |
| 24:43 | Create | Villager (Male) |
| 24:43 | Create | Villager (Male) |
| 24:51 | Create | Spearman |
| 25:05 | Create | Villager (Male) |
| 25:08 | Build | Farm |
| 25:11 | Build | Farm |
| 25:12 | Create | Villager (Male) |
| 25:36 | Create | Villager (Male) |
| 26:11 | Create | Villager (Male) |
| 26:11 | Create | Villager (Male) |
| 26:19 | Build | Settlement |
| 26:25 | Create | Villager (Male) |
| 26:26 | Create | Villager (Male) |
| 26:34 | Create | Spearman |
| 26:35 | Create | Villager (Male) |
| 26:39 | Build | House |
| 26:41 | Create | Mangonel |
| 27:00 | Create | Spearman |
| 27:00 | Create | Spearman |
| 27:01 | Create | Villager (Male) |
| 27:13 | Build | Barracks |
| 27:24 | Create | Villager (Male) |
| 27:45 | Build | Town Center |
| 27:47 | Create | Spearman |
| 27:55 | Create | Spearman |
| 27:56 | Create | Spearman |
| 28:44 | Create | Villager (Male) |
| 28:44 | Create | Villager (Male) |
| 28:50 | Create | Spearman |
| 28:50 | Create | Spearman |
| 31:36 | Build | Town Center |
| 32:17 | Research | Wheelbarrow |
| 32:37 | Build | Town Center |
| 34:14 | Build | Settlement |
| 34:21 | Build | Settlement |
| 34:24 | Create | Villager (Male) ×4 |
| 34:42 | Create | Villager (Male) |
| 35:02 | Create | Villager (Male) |
| 35:02 | Create | Villager (Male) |
| 35:42 | Create | Villager (Male) |
| 35:51 | Create | Villager (Male) |
| 36:02 | Create | Villager (Male) |
| 36:28 | Create | Villager (Male) |
| 36:28 | Create | Villager (Male) |
| 36:50 | Build | Town Center |
| 36:53 | Create | Villager (Male) |
| 36:56 | Create | Villager (Male) |
| 36:58 | Create | Villager (Male) |
| 36:59 | Create | Villager (Male) |
| 37:22 | Create | Villager (Male) |
| 37:25 | Create | Villager (Male) |
| 37:39 | Create | Villager (Male) |
Build order — Msp
First 150 of 401 actions detected
| 0:40 | Build | Town Center |
| 0:54 | Build | House |
| 1:47 | Build | House |
| 2:52 | Create | Villager (Male) |
| 2:52 | Create | Villager (Male) |
| 2:52 | Create | Villager (Male) |
| 2:53 | Create | Villager (Male) |
| 2:53 | Create | Villager (Male) |
| 3:51 | Create | Villager (Male) |
| 4:45 | Create | Villager (Male) |
| 5:18 | Create | Villager (Male) |
| 5:23 | Build | Lumber Camp |
| 5:38 | Create | Villager (Male) |
| 5:54 | Create | Villager (Male) |
| 6:23 | Build | House |
| 6:27 | Create | Villager (Male) |
| 6:42 | Create | Villager (Male) |
| 7:11 | Create | Villager (Male) |
| 7:27 | Create | Villager (Male) |
| 7:56 | Build | House |
| 8:05 | Create | Villager (Male) |
| 8:06 | Create | Villager (Male) |
| 8:21 | Research | Loom |
| 8:44 | Create | Villager (Male) |
| 8:46 | Create | Villager (Male) |
| 9:14 | Build | Mill |
| 9:28 | Create | Villager (Male) |
| 9:49 | Create | Villager (Male) |
| 10:22 | Build | House |
| 10:32 | Create | Villager (Male) |
| 11:05 | Research | Feudal Age |
| 11:36 | Build | Palisade Wall |
| 11:38 | Build | Palisade Wall |
| 12:29 | Create | Villager (Male) |
| 13:15 | Build | Barracks |
| 13:22 | Age | Feudal Age |
| 13:34 | Build | Town Center |
| 13:44 | Create | Villager (Male) |
| 13:44 | Create | Villager (Male) |
| 13:50 | Build | Mining Camp |
| 14:03 | Create | Villager (Male) |
| 14:04 | Create | Villager (Male) |
| 14:10 | Build | Barracks |
| 14:22 | Create | Villager (Male) |
| 14:26 | Build | Palisade Wall |
| 14:28 | Build | Palisade Wall |
| 14:58 | Create | Villager (Male) |
| 15:05 | Build | Palisade Wall |
| 15:06 | Build | Palisade Wall |
| 15:07 | Build | Palisade Wall |
| 15:08 | Create | Spearman |
| 15:08 | Create | Spearman |
| 15:15 | Create | Villager (Male) |
| 15:28 | Create | Villager (Male) |
| 15:37 | Create | Spearman |
| 16:12 | Build | Town Center |
| 16:20 | Create | Villager (Male) |
| 16:27 | Create | Spearman |
| 16:31 | Create | Villager (Male) |
| 16:35 | Build | House |
| 16:43 | Research | Double-Bit Axe |
| 16:58 | Create | Villager (Male) |
| 16:59 | Create | Villager (Male) |
| 17:31 | Create | Villager (Male) |
| 17:53 | Create | Villager (Male) |
| 17:57 | Build | Palisade Wall |
| 17:59 | Build | Palisade Wall |
| 18:04 | Create | Villager (Male) |
| 18:05 | Create | Spearman |
| 18:05 | Create | Spearman |
| 18:10 | Build | House |
| 18:25 | Create | Villager (Male) |
| 18:34 | Create | Spearman |
| 18:44 | Create | Villager (Male) |
| 18:48 | Create | Villager (Male) |
| 18:57 | Create | Spearman |
| 18:58 | Create | Spearman |
| 19:13 | Create | Villager (Male) |
| 19:21 | Create | Villager (Male) |
| 19:22 | Create | Villager (Male) |
| 19:23 | Create | Villager (Male) |
| 19:27 | Build | Farm |
| 19:27 | Build | Farm |
| 19:28 | Build | Farm |
| 19:29 | Build | Farm |
| 19:38 | Create | Villager (Male) |
| 19:46 | Build | House |
| 19:47 | Build | House |
| 19:50 | Create | Villager (Male) |
| 19:51 | Create | Villager (Male) |
| 19:57 | Build | Farm |
| 19:59 | Build | Farm |
| 20:01 | Build | Farm |
| 20:09 | Create | Villager (Male) |
| 20:18 | Build | Farm |
| 20:20 | Build | Farm |
| 20:21 | Build | Farm |
| 20:21 | Build | Farm |
| 20:27 | Create | Villager (Male) |
| 20:30 | Build | Farm |
| 20:32 | Research | Horse Collar |
| 20:39 | Build | Market |
| 20:40 | Create | Villager (Male) |
| 20:45 | Build | Farm |
| 20:46 | Build | Farm |
| 20:49 | Build | Farm |
| 20:49 | Create | Villager (Male) |
| 20:49 | Create | Villager (Male) |
| 20:56 | Create | Villager (Male) |
| 21:08 | Create | Villager (Male) |
| 21:09 | Create | Villager (Male) |
| 21:11 | Create | Villager (Male) |
| 21:27 | Build | Palisade Gate |
| 21:35 | Create | Villager (Male) |
| 21:40 | Build | Farm |
| 21:42 | Create | Villager (Male) |
| 21:44 | Create | Villager (Male) |
| 22:07 | Create | Villager (Male) |
| 22:10 | Build | Blacksmith |
| 22:16 | Create | Spearman |
| 22:16 | Create | Spearman |
| 22:47 | Research | Castle Age |
| 22:49 | Create | Villager (Male) |
| 22:50 | Create | Villager (Male) |
| 22:56 | Create | Villager (Male) |
| 23:02 | Research | Gold Mining |
| 23:08 | Build | House |
| 23:14 | Build | House |
| 23:15 | Build | House |
| 23:19 | Create | Villager (Male) |
| 23:35 | Research | Wheelbarrow |
| 23:35 | Create | Villager (Male) |
| 23:40 | Build | House |
| 23:40 | Build | House |
| 23:42 | Build | House |
| 23:49 | Create | Villager (Male) |
| 24:00 | Research | Scale Barding Armor |
| 24:10 | Build | Stable |
| 24:11 | Build | Stable |
| 24:26 | Build | Farm |
| 24:27 | Create | Villager (Male) |
| 24:41 | Create | Villager (Male) |
| 24:48 | Create | Villager (Male) |
| 24:50 | Create | Villager (Male) |
| 24:57 | Research | Bloodlines |
| 25:04 | Research | Forging |
| 25:25 | Build | Farm |
| 25:26 | Build | Farm |
| 25:27 | Age | Castle Age |
| 25:27 | Build | Farm |
Build order — Yarcla
First 150 of 183 actions detected
| 0:11 | Build | Town Center |
| 0:31 | Build | House |
| 1:34 | Build | Palisade Wall |
| 2:03 | Build | Palisade Wall |
| 3:08 | Create | Villager (Male) |
| 3:08 | Create | Villager (Male) |
| 3:09 | Create | Villager (Male) |
| 3:09 | Create | Villager (Male) |
| 3:21 | Research | Loom |
| 3:40 | Create | Villager (Male) |
| 3:41 | Create | Villager (Male) |
| 3:41 | Create | Villager (Male) |
| 4:00 | Build | Palisade Wall |
| 4:07 | Build | Palisade Wall |
| 4:21 | Build | House |
| 4:48 | Create | Villager (Male) |
| 4:59 | Build | Mill |
| 6:10 | Create | Villager (Male) |
| 6:33 | Create | Villager (Male) |
| 6:41 | Build | House |
| 7:09 | Create | Villager (Male) |
| 7:58 | Create | Villager (Male) |
| 8:13 | Build | Lumber Camp |
| 8:16 | Create | Villager (Male) |
| 8:45 | Create | Villager (Male) |
| 9:00 | Create | Villager (Male) |
| 10:11 | Create | Villager (Male) |
| 10:11 | Create | Villager (Male) |
| 10:11 | Create | Villager (Male) |
| 10:12 | Create | Villager (Male) |
| 10:13 | Build | House |
| 10:42 | Build | House |
| 11:54 | Create | Villager (Male) |
| 12:24 | Build | Mill |
| 12:24 | Create | Villager (Male) |
| 12:42 | Create | Villager (Male) |
| 13:26 | Research | Feudal Age |
| 14:30 | Build | Barracks |
| 14:34 | Build | House |
| 15:21 | Create | Villager (Male) |
| 15:23 | Create | Villager (Male) |
| 15:36 | Age | Feudal Age |
| 15:39 | Research | Double-Bit Axe |
| 15:49 | Build | Palisade Gate |
| 15:54 | Build | Palisade Wall |
| 16:14 | Create | Villager (Male) |
| 16:51 | Create | Villager (Male) |
| 16:58 | Build | Mill |
| 17:09 | Create | Villager (Male) |
| 17:46 | Build | Mining Camp |
| 17:58 | Create | Villager (Male) |
| 18:23 | Build | Blacksmith |
| 18:34 | Create | Villager (Male) |
| 18:58 | Build | Mill |
| 19:30 | Create | Villager (Male) |
| 19:41 | Create | Villager (Male) |
| 19:52 | Build | House |
| 20:19 | Build | Town Center |
| 21:04 | Build | Blacksmith |
| 21:16 | Create | Villager (Male) |
| 21:51 | Build | Mining Camp |
| 21:55 | Create | Villager (Male) |
| 22:26 | Build | Watch Tower |
| 22:30 | Build | Palisade Wall |
| 22:31 | Build | Palisade Wall |
| 22:31 | Build | Palisade Wall |
| 22:31 | Build | Palisade Wall |
| 22:32 | Build | Palisade Wall |
| 22:32 | Build | Palisade Wall |
| 22:33 | Build | Palisade Wall |
| 22:33 | Build | Palisade Wall |
| 22:35 | Create | Villager (Male) |
| 22:57 | Create | Villager (Male) |
| 23:30 | Build | Mill |
| 24:09 | Build | Market |
| 24:33 | Build | House |
| 24:35 | Build | House |
| 24:39 | Build | House |
| 24:44 | Build | House |
| 24:58 | Research | Castle Age |
| 25:27 | Research | Fletching |
| 26:00 | Build | Mining Camp |
| 27:19 | Research | Stone Mining |
| 27:38 | Age | Castle Age |
| 27:42 | Build | Town Center |
| 27:48 | Create | Villager (Male) |
| 27:49 | Create | Villager (Male) |
| 27:50 | Create | Villager (Male) |
| 27:52 | Create | Villager (Male) |
| 27:52 | Create | Villager (Male) |
| 29:13 | Build | Castle |
| 29:48 | Build | Palisade Wall |
| 30:03 | Create | Villager (Male) |
| 30:03 | Create | Villager (Male) |
| 30:38 | Build | Palisade Wall |
| 31:01 | Build | Town Center |
| 31:08 | Create | Villager (Male) |
| 31:08 | Create | Villager (Male) |
| 31:08 | Create | Villager (Male) |
| 31:28 | Build | Farm |
| 31:28 | Build | Farm |
| 31:28 | Build | Farm |
| 31:28 | Build | Farm |
| 31:43 | Build | Lumber Camp |
| 32:10 | Create | Villager (Male) |
| 32:41 | Build | Town Center |
| 32:45 | Create | Villager (Male) |
| 32:50 | Create | Villager (Male) |
| 32:54 | Create | Villager (Male) |
| 33:36 | Create | Villager (Male) |
| 33:38 | Create | Villager (Male) |
| 33:49 | Create | Villager (Male) |
| 33:51 | Create | Villager (Male) |
| 34:04 | Create | Villager (Male) |
| 34:17 | Build | Siege Workshop |
| 34:40 | Create | Villager (Male) |
| 34:40 | Create | Villager (Male) |
| 34:41 | Create | Villager (Male) |
| 34:45 | Create | Mangonel |
| 34:59 | Create | Villager (Male) |
| 35:00 | Create | Villager (Male) |
| 35:35 | Create | Villager (Male) |
| 35:35 | Create | Villager (Male) |
| 35:36 | Create | Villager (Male) |
| 35:36 | Create | Villager (Male) |
| 35:36 | Create | Villager (Male) |
| 35:36 | Create | Villager (Male) |
| 35:37 | Create | Villager (Male) |
| 36:01 | Create | Mangonel |
| 36:33 | Create | Villager (Male) |
| 36:34 | Create | Villager (Male) |
| 36:54 | Create | Villager (Male) |
| 37:29 | Build | House |
| 37:30 | Build | House |
| 37:31 | Build | House |
| 37:32 | Build | House |
| 37:37 | Create | Villager (Male) |
| 37:38 | Create | Villager (Male) |
| 37:48 | Build | Town Center |
| 37:51 | Create | Villager (Male) |
| 37:51 | Create | Villager (Male) |
| 38:00 | Create | Villager (Male) |
| 38:26 | Build | Town Center |
| 38:28 | Research | Bodkin Arrow |
| 38:50 | Create | Villager (Male) |
| 38:50 | Create | Villager (Male) |
| 39:02 | Build | Lumber Camp |
| 39:09 | Research | Bow Saw |
| 39:29 | Create | Villager (Male) |
| 39:30 | Create | Villager (Male) |
Build order — BehCoY
First 150 of 488 actions detected
| 0:11 | Build | Town Center |
| 0:26 | Build | House |
| 2:38 | Build | House |
| 2:50 | Create | Villager (Male) |
| 2:50 | Create | Villager (Male) |
| 2:51 | Create | Villager (Male) |
| 2:51 | Create | Villager (Male) |
| 3:55 | Create | Villager (Male) |
| 4:27 | Create | Villager (Male) |
| 4:33 | Build | House |
| 4:55 | Create | Villager (Male) |
| 5:25 | Create | Villager (Male) |
| 5:53 | Create | Villager (Male) |
| 6:41 | Build | House |
| 6:42 | Create | Villager (Male) |
| 6:42 | Create | Villager (Male) |
| 7:04 | Create | Villager (Male) |
| 7:07 | Create | Villager (Male) |
| 7:08 | Create | Villager (Male) |
| 7:09 | Create | Villager (Male) |
| 7:32 | Create | Villager (Male) |
| 7:38 | Create | Villager (Male) |
| 7:43 | Build | Lumber Camp |
| 7:45 | Build | House |
| 7:56 | Build | House |
| 8:17 | Create | Villager (Male) |
| 8:17 | Create | Villager (Male) |
| 8:58 | Build | House |
| 9:37 | Create | Villager (Male) |
| 9:54 | Build | Mill |
| 10:01 | Create | Villager (Male) |
| 10:09 | Create | Villager (Male) |
| 10:09 | Create | Villager (Male) |
| 10:21 | Build | House |
| 10:37 | Build | House |
| 10:43 | Create | Villager (Male) |
| 11:46 | Research | Feudal Age |
| 12:03 | Build | Mining Camp |
| 12:42 | Build | Palisade Wall |
| 12:44 | Build | Palisade Wall |
| 12:45 | Build | Palisade Wall |
| 12:48 | Build | Palisade Wall |
| 12:53 | Build | Palisade Wall |
| 12:53 | Build | Palisade Wall |
| 13:33 | Build | Palisade Wall |
| 13:35 | Build | Palisade Wall |
| 13:56 | Age | Feudal Age |
| 14:13 | Build | Market |
| 14:15 | Build | Blacksmith |
| 14:16 | Create | Villager (Male) |
| 14:17 | Research | Loom |
| 14:22 | Build | Palisade Wall |
| 14:27 | Build | Palisade Wall |
| 14:48 | Build | Palisade Wall |
| 14:58 | Build | Palisade Wall |
| 15:08 | Research | Castle Age |
| 15:19 | Build | Palisade Wall |
| 15:42 | Research | Double-Bit Axe |
| 17:48 | Age | Castle Age |
| 17:52 | Build | Town Center |
| 17:59 | Build | Town Center |
| 18:01 | Create | Villager (Male) |
| 18:12 | Create | Villager (Male) |
| 18:12 | Create | Villager (Male) |
| 18:14 | Create | Villager (Male) |
| 18:21 | Build | Mining Camp |
| 18:26 | Research | Bow Saw |
| 18:29 | Build | House |
| 18:52 | Create | Villager (Male) |
| 18:53 | Create | Villager (Male) |
| 19:04 | Create | Villager (Male) |
| 19:09 | Research | Wheelbarrow |
| 19:20 | Create | Villager (Male) |
| 19:21 | Create | Villager (Male) |
| 19:56 | Create | Villager (Male) |
| 20:03 | Research | Horse Collar |
| 20:19 | Build | Town Center |
| 20:22 | Create | Villager (Male) |
| 20:22 | Create | Villager (Male) |
| 20:22 | Create | Villager (Male) |
| 20:23 | Create | Villager (Male) |
| 20:44 | Build | Palisade Wall |
| 20:49 | Build | Palisade Wall |
| 20:57 | Create | Villager (Male) |
| 20:57 | Create | Villager (Male) |
| 20:57 | Create | Villager (Male) |
| 21:08 | Research | Stone Mining |
| 21:30 | Create | Villager (Male) |
| 21:30 | Create | Villager (Male) |
| 21:35 | Build | Town Center |
| 21:37 | Create | Villager (Male) |
| 21:42 | Create | Villager (Male) |
| 22:03 | Build | Farm |
| 22:05 | Build | Farm |
| 22:07 | Build | Farm |
| 22:11 | Create | Villager (Male) |
| 22:11 | Create | Villager (Male) |
| 22:15 | Create | Villager (Male) |
| 22:20 | Create | Villager (Male) |
| 22:25 | Build | Outpost |
| 22:27 | Build | Outpost |
| 22:31 | Build | Farm |
| 22:33 | Build | Farm |
| 22:35 | Build | Farm |
| 22:42 | Build | Farm |
| 22:53 | Create | Villager (Male) |
| 22:54 | Create | Villager (Male) |
| 22:57 | Build | House |
| 23:00 | Create | Villager (Male) |
| 23:03 | Build | House |
| 23:04 | Build | House |
| 23:09 | Create | Villager (Male) |
| 23:13 | Build | House |
| 23:14 | Build | House |
| 23:14 | Build | House |
| 23:24 | Create | Villager (Male) |
| 23:24 | Create | Villager (Male) |
| 23:31 | Create | Villager (Male) |
| 23:36 | Build | Farm |
| 23:37 | Build | Farm |
| 23:38 | Build | Farm |
| 23:44 | Create | Villager (Male) |
| 23:44 | Create | Villager (Male) |
| 23:46 | Create | Villager (Male) |
| 23:50 | Research | Town Watch |
| 24:13 | Create | Villager (Male) |
| 24:19 | Build | Mill |
| 24:23 | Build | Farm |
| 24:29 | Build | Outpost |
| 24:30 | Create | Villager (Male) |
| 24:31 | Create | Villager (Male) |
| 24:31 | Create | Villager (Male) |
| 24:33 | Create | Villager (Male) |
| 24:34 | Create | Villager (Male) |
| 24:41 | Create | Villager (Male) |
| 24:48 | Build | House |
| 24:48 | Build | House |
| 24:49 | Build | House |
| 25:01 | Create | Villager (Male) |
| 25:01 | Create | Villager (Male) |
| 25:11 | Build | Outpost |
| 25:18 | Create | Villager (Male) |
| 25:18 | Create | Villager (Male) |
| 25:18 | Create | Villager (Male) |
| 25:23 | Create | Villager (Male) |
| 25:26 | Build | Farm |
| 25:27 | Build | Farm |
| 25:43 | Build | Mining Camp |
| 25:48 | Build | Farm |
| 25:52 | Build | Farm |
Build order — nono12
First 150 of 384 actions detected
| 0:23 | Build | Town Center |
| 0:43 | Build | Lumber Camp |
| 1:01 | Build | House |
| 2:34 | Build | Palisade Wall |
| 2:46 | Create | Villager (Male) |
| 2:46 | Create | Villager (Male) |
| 2:47 | Create | Villager (Male) |
| 3:13 | Create | Villager (Male) |
| 3:14 | Create | Villager (Male) |
| 4:23 | Create | Villager (Male) |
| 4:48 | Build | House |
| 4:50 | Create | Villager (Male) |
| 4:50 | Create | Villager (Male) |
| 5:09 | Create | Villager (Male) |
| 5:21 | Build | Mill |
| 5:39 | Create | Villager (Male) |
| 5:39 | Create | Villager (Male) |
| 6:08 | Create | Villager (Male) |
| 6:12 | Build | House |
| 6:33 | Create | Villager (Male) |
| 6:42 | Build | House |
| 6:46 | Build | House |
| 6:49 | Create | Villager (Male) |
| 7:15 | Create | Villager (Male) |
| 7:39 | Create | Villager (Male) |
| 7:55 | Build | Lumber Camp |
| 8:34 | Build | House |
| 8:49 | Create | Villager (Male) |
| 8:50 | Create | Villager (Male) |
| 8:50 | Create | Villager (Male) |
| 9:32 | Create | Villager (Male) |
| 10:23 | Research | Feudal Age |
| 10:25 | Research | Loom |
| 10:47 | Build | Mining Camp |
| 10:51 | Build | Palisade Wall |
| 11:52 | Build | Palisade Wall |
| 12:05 | Build | House |
| 12:39 | Age | Feudal Age |
| 12:46 | Build | Market |
| 12:56 | Build | Blacksmith |
| 13:00 | Create | Villager (Male) |
| 13:41 | Research | Castle Age |
| 13:53 | Build | Outpost |
| 14:06 | Build | House |
| 14:08 | Research | Double-Bit Axe |
| 14:47 | Build | Barracks |
| 14:55 | Build | Outpost |
| 14:58 | Research | Town Watch |
| 15:19 | Build | Palisade Wall |
| 16:21 | Age | Castle Age |
| 16:29 | Build | Siege Workshop |
| 16:32 | Research | Bow Saw |
| 16:35 | Create | Villager (Male) |
| 16:35 | Create | Villager (Male) |
| 16:44 | Create | Spearman |
| 16:45 | Create | Spearman |
| 17:04 | Create | Mangonel |
| 17:14 | Create | Spearman |
| 17:15 | Create | Spearman |
| 17:37 | Create | Villager (Male) |
| 17:53 | Create | Mangonel |
| 18:14 | Build | Mill |
| 18:28 | Create | Mangonel |
| 19:02 | Build | Town Center |
| 19:29 | Create | Scorpion |
| 19:43 | Create | Scorpion |
| 19:51 | Build | House |
| 19:52 | Build | House |
| 19:54 | Build | Palisade Gate |
| 20:34 | Build | Outpost |
| 20:35 | Create | Villager (Male) |
| 21:02 | Create | Villager (Male) |
| 21:02 | Create | Villager (Male) |
| 21:36 | Create | Spearman |
| 21:39 | Create | Scorpion |
| 21:58 | Create | Villager (Male) |
| 22:28 | Create | Mangonel |
| 22:32 | Create | Spearman |
| 22:32 | Create | Spearman |
| 23:07 | Create | Mangonel |
| 24:10 | Create | Villager (Male) |
| 24:10 | Create | Villager (Male) |
| 24:10 | Create | Villager (Male) |
| 24:10 | Create | Villager (Male) |
| 24:21 | Create | Mangonel |
| 24:30 | Build | Farm |
| 24:31 | Build | Farm |
| 24:47 | Create | Villager (Male) |
| 24:48 | Create | Villager (Male) |
| 24:58 | Create | Mangonel |
| 25:05 | Build | Outpost |
| 25:14 | Create | Villager (Male) |
| 25:34 | Create | Villager (Male) |
| 25:38 | Create | Scorpion |
| 25:45 | Create | Villager (Male) |
| 25:47 | Create | Scorpion |
| 26:08 | Create | Villager (Male) |
| 26:08 | Create | Villager (Male) |
| 26:08 | Create | Villager (Male) |
| 26:19 | Create | Villager (Male) |
| 26:29 | Build | House |
| 26:32 | Build | Palisade Wall |
| 26:43 | Create | Scorpion |
| 26:45 | Build | Outpost |
| 26:48 | Build | House |
| 27:09 | Build | Monastery |
| 27:30 | Build | Outpost |
| 27:34 | Create | Scorpion |
| 27:34 | Create | Scorpion |
| 27:34 | Create | Villager (Male) |
| 27:35 | Create | Villager (Male) |
| 27:35 | Create | Villager (Male) |
| 27:35 | Create | Villager (Male) |
| 27:35 | Create | Villager (Male) |
| 27:58 | Create | Villager (Male) |
| 27:58 | Create | Villager (Male) |
| 27:58 | Create | Villager (Male) |
| 28:13 | Build | Outpost |
| 28:23 | Create | Monk |
| 28:48 | Create | Villager (Male) |
| 28:48 | Create | Villager (Male) |
| 28:48 | Create | Villager (Male) |
| 28:59 | Build | Town Center |
| 29:06 | Create | Villager (Male) |
| 29:06 | Create | Villager (Male) |
| 29:06 | Create | Villager (Male) |
| 29:09 | Build | Outpost |
| 29:11 | Build | House |
| 29:26 | Research | Wheelbarrow |
| 29:47 | Create | Villager (Male) |
| 29:47 | Create | Villager (Male) |
| 30:05 | Create | Villager (Male) |
| 30:05 | Create | Villager (Male) |
| 30:06 | Create | Villager (Male) |
| 30:09 | Build | Farm |
| 30:10 | Create | Monk |
| 30:33 | Create | Villager (Male) |
| 30:33 | Create | Villager (Male) |
| 30:42 | Build | Town Center |
| 31:12 | Create | Villager (Male) |
| 31:12 | Create | Villager (Male) |
| 31:12 | Create | Villager (Male) |
| 31:12 | Create | Villager (Male) |
| 31:12 | Create | Villager (Male) |
| 31:12 | Create | Villager (Male) |
| 31:23 | Build | Outpost |
| 31:34 | Create | Villager (Male) |
| 31:35 | Create | Villager (Male) |
| 31:42 | Build | Mining Camp |
| 31:47 | Build | Lumber Camp |
Match timeline
| 1:34 | Yarcla · wall_segment Palisade Wall x1 |
| 2:03 | Yarcla · wall_segment Palisade Wall x1 |
| 2:34 | nono12 · wall_segment Palisade Wall x1 |
| 3:11 | MoJRiM · wall_segment Palisade Wall x1 |
| 4:00 | Yarcla · wall_segment Palisade Wall x1 |
| 4:07 | Yarcla · wall_segment Palisade Wall x1 |
| 5:49 | MoJRiM · wall_segment Palisade Wall x1 |
| 7:22 | MoJRiM · wall_segment Palisade Wall x1 |
| 9:46 | MoJRiM · first_building Barracks |
| 10:51 | nono12 · wall_segment Palisade Wall x2 |
| 11:09 | Origines · first_building Barracks |
| 11:12 | MoJRiM · age_up feudal |
| 11:13 | MoJRiM · first_building Stable |
| 11:36 | Msp · wall_segment Palisade Wall x3 |
| 11:38 | Msp · wall_segment Palisade Wall x5 |
| 11:52 | nono12 · wall_segment Palisade Wall x2 |
| 12:19 | [Stomp] Snakad · first_building Barracks |
| 12:39 | nono12 · age_up feudal |
| 12:42 | BehCoY · wall_segment Palisade Wall x1 |
| 12:44 | BehCoY · wall_segment Palisade Wall x1 |
| 12:45 | BehCoY · wall_segment Palisade Wall x1 |
| 12:48 | BehCoY · wall_segment Palisade Wall x1 |
| 12:53 | BehCoY · wall_segment Palisade Wall x1 |
| 12:53 | BehCoY · wall_segment Palisade Wall x1 |
| 13:10 | Origines · age_up feudal |
| 13:13 | [Stomp] Snakad · age_up feudal |
| 13:15 | Msp · first_building Barracks |
| 13:16 | [Stomp] Snakad · first_building Stable |
| 13:19 | Origines · first_building Stable |
| 13:22 | Msp · age_up feudal |
| 13:22 | AOKI_Shogi · age_up feudal |
| 13:33 | BehCoY · wall_segment Palisade Wall x1 |
| 13:35 | AOKI_Shogi · wall_segment Palisade Wall x1 |
| 13:35 | BehCoY · wall_segment Palisade Wall x1 |
| 13:40 | nono12 · first_market_sell 100 stone |
| 13:56 | BehCoY · age_up feudal |
| 14:22 | BehCoY · wall_segment Palisade Wall x1 |
| 14:26 | Msp · wall_segment Palisade Wall x1 |
| 14:27 | BehCoY · wall_segment Palisade Wall x1 |
| 14:28 | Msp · wall_segment Palisade Wall x1 |
| 14:30 | Yarcla · first_building Barracks |
| 14:47 | nono12 · first_building Barracks |
| 14:48 | BehCoY · wall_segment Palisade Wall x3 |
| 14:58 | BehCoY · wall_segment Palisade Wall x4 |
| 15:05 | Msp · wall_segment Palisade Wall x1 |
| 15:06 | Msp · wall_segment Palisade Wall x1 |
| 15:07 | Msp · wall_segment Palisade Wall x1 |
| 15:08 | AOKI_Shogi · wall_segment Palisade Wall x1 |
| 15:10 | AOKI_Shogi · wall_segment Palisade Wall x1 |
| 15:18 | AOKI_Shogi · wall_segment Palisade Wall x1 |
| 15:19 | BehCoY · wall_segment Palisade Wall x1 |
| 15:19 | AOKI_Shogi · wall_segment Palisade Wall x2 |
| 15:19 | nono12 · wall_segment Palisade Wall x1 |
| 15:23 | AOKI_Shogi · wall_segment Palisade Wall x1 |
| 15:26 | AOKI_Shogi · wall_segment Palisade Wall x1 |
| 15:36 | Yarcla · age_up feudal |
| 15:54 | Yarcla · wall_segment Palisade Wall x4 |
| 16:00 | AOKI_Shogi · wall_segment Palisade Wall x4 |
| 16:11 | AOKI_Shogi · wall_segment Palisade Wall x1 |
| 16:12 | AOKI_Shogi · wall_segment Palisade Wall x1 |
| 16:21 | nono12 · age_up castle |
| 16:29 | nono12 · first_building Siege Workshop |
| 16:40 | Origines · wall_segment Palisade Wall x1 |
| 16:43 | nono12 · first_market_buy 100 food |
| 16:45 | AOKI_Shogi · first_building Barracks |
| 17:27 | AOKI_Shogi · age_up castle |
| 17:48 | BehCoY · age_up castle |
| 17:57 | Msp · wall_segment Palisade Wall x1 |
| 17:59 | Msp · wall_segment Palisade Wall x1 |
| 19:14 | AOKI_Shogi · first_building Siege Workshop |
| 19:29 | Origines · wall_segment Palisade Wall x1 |
| 20:44 | BehCoY · wall_segment Palisade Wall x1 |
| 20:49 | BehCoY · wall_segment Palisade Wall x1 |
| 21:40 | [Stomp] Snakad · first_market_buy 100 food |
| 21:41 | [Stomp] Snakad · first_market_sell 100 wood |
| 22:30 | Yarcla · wall_segment Palisade Wall x1 |
| 22:31 | Yarcla · wall_segment Palisade Wall x1 |
| 22:31 | Yarcla · wall_segment Palisade Wall x1 |
| 22:31 | Yarcla · wall_segment Palisade Wall x1 |
| 22:32 | Yarcla · wall_segment Palisade Wall x1 |
| 22:32 | Yarcla · wall_segment Palisade Wall x1 |
| 22:33 | Yarcla · wall_segment Palisade Wall x1 |
| 22:33 | Yarcla · wall_segment Palisade Wall x1 |
| 22:52 | BehCoY · first_market_buy 100 food |
| 22:57 | AOKI_Shogi · first_market_buy 100 food |
| 24:10 | Msp · first_building Stable |
| 24:36 | [Stomp] Snakad · age_up castle |
| 24:38 | MoJRiM · age_up castle |
| 24:39 | MoJRiM · first_market_buy 100 stone |
| 25:27 | Msp · age_up castle |
| 26:32 | nono12 · wall_segment Palisade Wall x1 |
| 26:42 | BehCoY · first_building Castle |
| 27:09 | nono12 · first_building Monastery |
| 27:13 | BehCoY · wall_segment Palisade Wall x1 |
| 27:37 | BehCoY · first_building Monastery |
| 27:38 | Yarcla · age_up castle |
| 28:03 | BehCoY · first_building Barracks |
| 28:29 | MoJRiM · first_building Archery Range |
| 28:55 | Yarcla · first_market_sell 100 wood |
| 29:03 | Yarcla · first_market_buy 100 stone |
| 29:13 | Yarcla · first_building Castle |
| 29:48 | Yarcla · wall_segment Palisade Wall x1 |
| 30:06 | MoJRiM · first_building Monastery |
| 30:38 | Yarcla · wall_segment Palisade Wall x1 |
| 31:16 | [Stomp] Snakad · first_building Monastery |
| 32:05 | BehCoY · first_building Siege Workshop |
| 32:10 | MoJRiM · first_building Castle |
| 32:39 | [Stomp] Snakad · first_building Siege Workshop |
| 34:02 | nono12 · first_building Castle |
| 34:17 | Yarcla · first_building Siege Workshop |
| 34:54 | BehCoY · age_up imperial |
| 35:01 | Origines · age_up castle |
| 35:27 | Msp · first_building Monastery |
| 35:33 | MoJRiM · first_market_sell 100 wood |
| 35:45 | BehCoY · first_market_sell 500 wood |
| 36:19 | [Stomp] Snakad · age_up imperial |
| 39:00 | MoJRiM · age_up imperial |
| 40:10 | Msp · age_up imperial |
| 40:33 | AOKI_Shogi · wall_segment Palisade Wall x1 |
| 40:46 | AOKI_Shogi · wall_segment Palisade Wall x2 |
| 43:08 | [Stomp] Snakad · resign |
| 43:12 | nono12 · age_up imperial |
[ AI ANALYSIS · 1 CREDIT ]
What really happened in this match?
Wolo.gg analyzes every decision: build order, eco, micro, common mistakes by bracket. Personalized analysis on WhatsApp or Discord in 30 seconds.
Civ guide
Franks
Perfil
Jugador #628463